Map: Glittering Ashes LE

Players

Pumba - Winner!

  • Race: Protoss Protoss
  • League: Master
  • Spawn Location: 1:00

OldManSlum

  • Race: Zerg Zerg
  • League: Master
  • Spawn Location: 7:00

VOD

Have the link to the VOD?

Description

Time

  • Played on: April 12, 2022, 6:28 p.m.
  • Length: 20:09
Show
View Real Time Build Order
Export as new Build Order

Pumba Protoss - Winner!

Build Orders: 1 Gate Expand, Oracle Opening 

Get SALT Encoding   

  12  0:00  Probe  
  13  0:12  Probe  
  14  0:17  Pylon  
  14  0:24  Probe (Chrono Boost)  
  15  0:37  Probe (Chrono Boost)  
  15  0:38  Assimilator  
  16  0:45  Probe (Chrono Boost)  
  16  0:49  Gateway  
  17  0:51  Probe  
  18  1:03  Probe  
  19  1:15  Probe  
  20  1:23  Nexus  
  20  1:33  Probe  
  20  1:37  Cybernetics Core  
  21  1:41  Assimilator  
  21  1:46  Probe  
  22  1:51  Pylon  
  22  1:58  Probe  
  23  2:10  Probe  
  23  2:13  Adept (Chrono Boost)  
  26  2:15  Stargate  
  26  2:22  Warp Gate, Probe (Chrono Boost)  
  26  2:34  Probe (Chrono Boost)  
  26  2:36  Adept (Chrono Boost), Probe (Chrono Boost)  
  32  2:44  Probe (Chrono Boost)  
  32  2:45  Probe (Chrono Boost)  
  32  2:49  Probe (Chrono Boost)  
  32  2:50  Probe (Chrono Boost)  
  34  3:00  Oracle (Chrono Boost)  
  34  3:01  Probe  
  34  3:02  Probe  
  39  3:13  Probe  
  39  3:14  Probe  
  41  3:24  Gateway  
  41  3:25  Probe, Pylon  
  41  3:26  Probe  
  43  3:30  Oracle (Chrono Boost)  
  44  3:37  Probe  
  44  3:38  Probe  
  46  3:43  Adept  
  48  3:50  Nexus  
  48  3:52  Pylon  
  48  3:54  Probe  
  49  3:56  Probe  
  50  4:06  Probe  
  50  4:09  Probe  
  52  4:12  Assimilator  
  52  4:15  Gateway  
  52  4:16  Gateway, Assimilator  
  52  4:19  Probe  
  53  4:24  Adept x2  
  53  4:27  Probe  
  53  4:31  Probe  
  59  4:38  Pylon  
  59  4:39  Probe  
  59  4:43  Pylon  
  60  4:48  Probe  
  61  4:56  Probe  
  62  5:01  Probe (Chrono Boost)  
  62  5:02  Twilight Council, Sentry x2  
  62  5:05  Forge  
  68  5:07  Probe (Chrono Boost)  
  68  5:08  Probe (Chrono Boost)  
  70  5:15  Robotics Facility  
  70  5:17  Sentry x2, Probe x2 (Chrono Boost)  
  70  5:18  Probe (Chrono Boost)  
  76  5:22  Shield Battery, Probe x2 (Chrono Boost)  
  76  5:24  Probe, Assimilator  
  79  5:33  Probe  
  79  5:34  Probe, Blink  
  81  5:36  Probe  
  82  5:45  Probe  
  82  5:47  Probe  
  82  5:48  Protoss Ground Weapons Level 1 (Chrono Boost), Probe  
  81  5:52  Assimilator  
  81  5:56  Sentry x2  
  85  5:57  Probe  
  85  5:58  Zealot  
  85  5:59  Probe  
  85  6:01  Stalker  
  85  6:03  Probe  
  92  6:07  Gateway  
  92  6:09  Probe  
  93  6:11  Gateway  
  93  6:12  Gateway  
  93  6:13  Gateway  
  93  6:14  Pylon x2  
  93  6:17  Pylon  
  93  6:18  Pylon  
  93  6:32  Probe  
  94  6:33  Stalker  
  94  6:34  Stalker x2  
  100  6:42  Robotics Bay  
  100  6:45  Robotics Facility  
  101  6:47  Observer (Chrono Boost)  
  101  6:58  Stalker  
  101  6:59  Warp Prism (Chrono Boost), Stalker x3  
  109  7:02  Photon Cannon  
  109  7:04  Photon Cannon  
  109  7:07  Photon Cannon  
  111  7:11  Stalker  
  111  7:12  Stalker x3  
  119  7:26  Probe  
  119  7:29  Probe, Pylon  
  121  7:30  Pylon  
  121  7:32  Pylon  
  121  7:34  Pylon  
  121  7:35  Pylon  
  121  7:40  Nexus  
  121  7:41  Pylon  
  121  7:44  Colossus (Chrono Boost)  
  121  7:48  Colossus (Chrono Boost)  
  133  8:01  Protoss Ground Weapons Level 2 (Chrono Boost)  
  133  8:03  Photon Cannon  
  133  8:05  Shield Battery, Probe x3  
  136  8:06  Pylon  
  136  8:09  Stalker x3  
  139  8:14  Extended Thermal Lance  
  139  8:17  Probe  
  140  8:31  Stalker  
  140  8:32  Stalker x2  
  140  8:33  Disruptor (Chrono Boost)  
  140  8:34  Disruptor (Chrono Boost)  
  143  8:39  Pylon  
  149  8:44  Templar Archives, Probe x2, Pylon  
  149  8:46  Forge  
  149  8:47  Assimilator  
  151  8:50  Photon Cannon  
  151  9:05  Probe  
  152  9:10  Assimilator  
  152  9:21  High Templar, Stalker x3  
  152  9:22  High Templar x3  
  152  9:23  Charge (Chrono Boost), Zealot, Protoss Ground Armor Level 1 (Chrono Boost)  
  168  9:29  Archon x2  
  168  9:35  Disruptor  
  170  9:47  Nexus  
  170  9:51  Photon Cannon  
  170  9:52  Shield Battery  
  170  9:53  Stalker x4  
  170  9:56  Photon Cannon  
  176  10:18  Fleet Beacon  
  176  10:22  Nexus  
  176  10:24  Photon Cannon  
  176  10:25  Protoss Air Weapons Level 1 (Chrono Boost)  
  176  10:26  Gateway  
  176  10:28  Shield Battery  
  176  10:29  Protoss Ground Weapons Level 3 (Chrono Boost)  
  176  10:36  Photon Cannon  
  176  10:38  Probe x2  
  176  10:41  Shield Battery  
  176  10:55  Stalker x3  
  167  11:10  High Templar  
  167  11:11  High Templar x4  
  162  11:13  Probe x2  
  154  11:25  Probe x2  
  144  11:27  Shield Battery  
  144  11:32  Assimilator  
  144  11:33  Protoss Shields Level 1 (Chrono Boost)  
  144  11:35  Psionic Storm  
  144  11:36  Probe x2  
  146  11:40  Probe  
  146  11:41  Pylon  
  147  11:51  Observer  
  147  11:52  Probe  
  148  11:55  Observer  
  148  11:56  Observer  
  150  12:04  Zealot x4  
  150  12:05  Zealot x4  
  166  12:24  Stargate  
  166  12:26  Zealot x7  
  166  12:27  Zealot, Stargate  
  166  12:29  Protoss Air Weapons Level 2  
  182  12:36  Photon Cannon  
  182  12:37  Probe x2  
  182  12:38  Probe x2  
  182  12:39  Shield Battery  
  170  12:55  Cybernetics Core  
  168  12:58  Shield Battery  
  168  13:01  Carrier  
  174  13:06  Probe  
  174  13:07  Probe x4  
  179  13:17  Shield Battery  
  179  13:18  Probe  
  179  13:19  Probe x2  
  180  13:20  Photon Cannon  
  172  13:37  Shield Battery, Probe x5  
  175  13:52  Assimilator  
  175  13:53  Immortal x2  
  183  13:57  Assimilator  
  183  13:58  Shield Battery  
  183  14:03  Photon Cannon x2  
  183  14:04  Photon Cannon  
  183  14:06  Photon Cannon  
  183  14:07  High Templar x2  
  183  14:08  High Templar  
  183  14:09  Photon Cannon, High Templar  
  185  14:23  Zealot  
  163  14:29  High Templar x3  
  163  14:30  High Templar  
  152  14:37  Pylon  
  148  14:39  Archon x2  
  142  14:48  Pylon  
  142  14:52  Pylon  
  142  14:56  Protoss Ground Armor Level 2 (Chrono Boost), Protoss Shields Level 2 (Chrono Boost)  
  142  14:57  Carrier x2  
  154  15:09  Protoss Air Armor Level 1 (Chrono Boost)  
  154  15:11  Zealot x5  
  154  15:13  Protoss Air Weapons Level 3 (Chrono Boost)  
  154  15:14  Dark Shrine  
  164  15:17  Nexus  
  164  15:21  Shield Battery  
  164  15:24  Shield Battery, Pylon  
  164  15:25  High Templar x2  
  164  15:26  Photon Cannon  
  168  15:30  Archon  
  168  15:33  Observer x2 (Chrono Boost)  
  170  15:45  Gateway  
  170  15:46  Gateway  
  170  15:48  Gateway  
  170  15:51  Immortal (Chrono Boost), Gateway  
  174  15:57  Pylon  
  174  16:00  Observer  
  174  16:01  Assimilator  
  172  16:05  Assimilator  
  172  16:11  Zealot x8  
  188  16:18  Observer  
  188  16:26  Photon Cannon  
  188  16:29  Photon Cannon  
  188  16:31  Shield Battery  
  188  16:32  Observer  
  188  16:33  Shield Battery  
  188  16:35  Pylon  
  188  16:37  Photon Cannon, Pylon  
  184  17:05  Zealot x5  
  184  17:06  Zealot x7  
  162  17:43  Zealot x7  
  162  17:44  Zealot x5  
  182  17:46  Carrier (Chrono Boost)  
  184  17:56  Warp Prism x2  
  175  18:27  Void Ray x2 (Chrono Boost)  
  174  18:47  Void Ray  
  177  18:53  Nexus  
  177  18:58  High Templar x10  
  177  18:59  High Templar  
  192  19:38  Archon  
  192  19:39  Archon  
  200  19:49  Assimilator  
  200  19:52  Assimilator  
Show
View Real Time Build Order
Export as new Build Order

OldManSlum Zerg 

Build Orders: Hatch First 

Get SALT Encoding   

  12  0:00  Drone  
  13  0:13  Overlord  
  13  0:17  Drone  
  14  0:33  Drone x2  
  16  0:48  Hatchery  
  15  0:52  Drone  
  15  0:55  Drone  
  17  0:59  Drone  
  18  1:10  Extractor  
  17  1:14  Spawning Pool  
  17  1:16  Drone  
  17  1:20  Drone  
  18  1:30  Drone  
  19  1:43  Drone  
  20  1:53  Overlord  
  20  2:00  Queen  
  20  2:01  Queen  
  24  2:02  Zergling x4  
  26  2:13  Metabolic Boost  
  26  2:14  Drone x2  
  28  2:27  Drone  
  28  2:28  Drone  
  30  2:37  Hatchery  
  30  2:42  Drone x2  
  31  2:46  Overlord  
  31  2:48  Drone  
  32  2:53  Queen  
  34  2:59  Drone x2  
  36  3:09  Drone x2  
  36  3:11  Drone x2  
  36  3:12  Overlord  
  40  3:17  Queen  
  42  3:30  Spore Crawler  
  42  3:32  Spore Crawler, Drone  
  42  3:33  Drone x3  
  42  3:36  Queen  
  45  3:49  Drone x6  
  45  3:52  Queen  
  53  3:58  Drone  
  53  3:59  Drone  
  52  4:14  Spore Crawler, Drone x4  
  55  4:17  Extractor  
  55  4:19  Roach Warren, Extractor  
  55  4:20  Lair, Baneling Nest  
  55  4:23  Drone x2  
  53  4:26  Overlord  
  51  4:44  Drone x8  
  58  4:48  Drone  
  58  4:57  Drone  
  58  4:58  Drone x4  
  63  5:04  Spore Crawler  
  62  5:08  Drone x3  
  62  5:13  Drone  
  66  5:20  Overlord x2  
  66  5:22  Glial Reconstitution  
  66  5:23  Centrifugal Hooks  
  66  5:24  Overseer  
  66  5:38  Zergling x12  
  66  5:39  Zergling x4  
  72  5:49  Drone x10  
  82  5:54  Hatchery  
  81  6:04  Extractor  
  81  6:05  Extractor  
  79  6:14  Spore Crawler  
  79  6:15  Drone x2, Extractor  
  79  6:16  Drone  
  79  6:17  Drone x2  
  82  6:18  Overlord x2  
  82  6:19  Overlord x3  
  75  6:38  Drone x4  
  75  6:39  Drone x4  
  83  6:50  Drone x4  
  83  6:51  Drone  
  83  6:52  Spire  
  87  6:54  Baneling x3  
  87  6:55  Baneling  
  87  7:03  Roach x5  
  87  7:04  Roach  
  87  7:05  Overlord  
  87  7:06  Overlord  
  99  7:08  Queen  
  99  7:12  Spore Crawler  
  100  7:16  Zergling x14  
  107  7:24  Zergling x2  
  107  7:27  Ravager x5  
  107  7:28  Ravager  
  114  7:33  Zergling x20  
  124  7:43  Overlord x7  
  124  7:49  Hatchery  
  123  7:55  Overlord x4  
  123  8:01  Overseer  
  123  8:07  Zergling x16  
  123  8:10  Zerg Flyer Weapons Level 1  
  131  8:15  Drone x5  
  131  8:17  Drone  
  131  8:18  Drone x2  
  139  8:21  Extractor x2  
  137  8:29  Baneling x7  
  137  8:30  Baneling x11  
  137  8:33  Drone x2, Mutalisk x5  
  145  8:35  Mutalisk  
  145  8:36  Mutalisk  
  145  8:39  Mutalisk  
  155  8:42  Drone x3  
  155  8:43  Drone  
  155  8:44  Drone  
  155  8:45  Drone  
  161  9:01  Roach x4  
  161  9:02  Roach x3  
  175  9:09  Infestation Pit  
  174  9:12  Hatchery  
  173  9:23  Zergling x30  
  187  9:28  Ravager x6  
  187  9:29  Ravager  
  194  9:31  Zergling x8  
  194  9:38  Zergling x4  
  195  9:54  Hive  
  195  9:56  Mutalisk  
  195  9:57  Mutalisk  
  194  10:13  Baneling x8  
  194  10:14  Baneling x16  
  193  10:20  Hatchery  
  175  10:59  Zergling x24  
  175  11:00  Zergling x28  
  171  11:13  Zergling x10  
  171  11:14  Zergling x24  
  171  11:24  Roach x3  
  145  11:31  Adrenal Glands  
  145  11:33  Baneling x2  
  145  11:34  Baneling x20, Roach  
  145  11:35  Roach x8  
  145  11:38  Greater Spire  
  145  11:39  Ultralisk Cavern  
  162  11:43  Roach x3  
  162  11:44  Roach x2  
  172  11:57  Ravager x9  
  172  11:58  Ravager x3  
  184  12:05  Extractor  
  180  12:10  Extractor  
  176  12:20  Zergling x50  
  176  12:21  Zergling x2  
  199  12:26  Chitinous Plating  
  169  12:51  Ultralisk  
  169  12:52  Ultralisk x3  
  169  12:57  Zergling x16  
  193  13:29  Viper x2  
  185  13:39  Baneling x29  
  185  13:45  Anabolic Synthesis  
  185  13:46  Drone x10  
  185  13:47  Drone x4  
  194  13:58  Zergling x10  
  194  13:59  Zergling x2  
  174  14:30  Corruptor x15  
  182  14:34  Zergling x34  
  182  14:35  Zergling x4  
  173  14:42  Zergling x2  
  173  14:43  Zergling x12  
  175  14:48  Extractor  
  175  14:49  Extractor  
  175  14:50  Drone x3  
  170  15:07  Zergling x28  
  163  15:25  Corruptor x4  
  163  15:26  Corruptor x4  
  178  15:29  Brood Lord x5  
  178  15:30  Brood Lord  
  190  15:48  Zergling x20  
  200  15:51  Hatchery  
  200  15:52  Extractor  
  200  15:53  Extractor  
  196  16:03  Roach  
  196  16:04  Roach x6  
  193  16:22  Corruptor x3  
  199  16:26  Baneling x20  
  199  16:36  Spine Crawler  
  199  16:37  Spine Crawler x2  
  199  16:38  Spine Crawler  
  199  16:39  Spine Crawler  
  194  16:40  Spine Crawler x2  
  194  16:41  Spore Crawler  
  183  17:05  Roach  
  183  17:06  Roach x11  
  168  17:24  Brood Lord x3  
  168  17:25  Brood Lord x2  
  168  17:28  Zergling x26  
  189  17:35  Roach x3  
  185  17:39  Viper  
  167  17:56  Corruptor x5  
  161  18:11  Zergling x18  
  149  18:19  Zergling x8  
  117  18:33  Brood Lord  
Tags
 
Add a new tag
Caveats
  • Supply blocks, unpowered buildings, or Contaminate may cause inaccurate times.
  • Supply counts are checked every 10 seconds.